 Dungeon Crawl Stone Soup version 0.21-a0-633-g4c047d5f35 (webtiles) character file.

27 RaHiT the Sneak (level 3, -2/19 HPs)
             Began as a Kobold Summoner on Dec 29, 2017.
             Slain by a goblin (6 damage)
             ... led by Robin
             ... on level 2 of the Dungeon.
             The game lasted 00:06:27 (1239 turns).

RaHiT the Sneak (Kobold Summoner)                   Turns: 1239, Time: 00:06:27

Health: -2/19      AC:  2    Str:  5    XL:     3   Next: 25%
Magic:  2/6        EV: 15    Int: 17    God:
Gold:   63         SH:  0    Dex: 15    Spells: 3/6 levels left

rFire    . . .     SeeInvis .   i - +0 dagger (holy)
rCold    . . .     Gourm    .   (shield restricted)
rNeg     . . .     Faith    .   a - +0 robe
rPois    .         Spirit   .   (no helmet)
rElec    .         Reflect  .   (no cloak)
rCorr    .         Harm     .   (no gloves)
MR       .....                  (no boots)
Stlth    +++.......             (no amulet)
HPRegen  0.06/turn              (no ring)
MPRegen  0.10/turn              (no ring)

@: no status effects
A: small, carnivore
a: no special abilities


You were on level 2 of the Dungeon.
You were very full.

You visited 1 branch of the dungeon, and saw 2 of its levels.

You collected 63 gold pieces.

Inventory:

Hand Weapons
 i - a +0 dagger of holy wrath (weapon)
Missiles
 d - 80 stones (quivered)
 e - 11 poisoned needles
Armour
 a - a +0 robe (worn)
Scrolls
 h - a scroll of identify {unknown}
 j - a scroll of remove curse {unknown}
 n - 2 scrolls of teleportation {unknown}
Potions
 f - a potion of berserk rage {unknown}
 g - a potion of haste {unknown}
 k - a potion of brilliance {unknown}
 l - a potion of lignification {unknown}
 m - a potion of heal wounds {unknown}
Books
 b - a book of Callings

   Spells                             Type                      Level
   a - Summon Small Mammal            Summoning                    1
   b - Call Imp                       Summoning                    2
   c - Call Canine Familiar           Summoning                    3
   d - Summon Guardian Golem          Hexes/Summoning              3
   e - Summon Lightning Spire         Summoning/Air                4
   f - Summon Ice Beast               Ice/Summoning                4
Comestibles
 c - 3 rations
 o - 2 chunks of flesh


   Skills:
 - Level 2.4 Dodging
 + Level 5.0 Stealth
 - Level 2.1 Spellcasting
 - Level 4.0 Summonings


You had 3 spell levels left.
You knew the following spells:

 Your Spells              Type           Power        Failure   Level  Hunger
a - Summon Small Mammal   Summ           ###.         3%          1    #......
b - Call Imp              Summ           ###.....     5%          2    ###....


Dungeon Overview and Level Annotations

Branches:
Dungeon (2/15)

Altars:

Annotations:
D:2 Robin


Innate Abilities, Weirdness & Mutations

You are small and have problems with some larger weapons.
You are carnivorous and can eat meat at any time.


Message History

The goblin hits you.
* * * LOW HITPOINT WARNING * * *
Robin hits your crimson imp but does no damage.
Your crimson imp hits Robin. x2
You barely miss the goblin.
The goblin is severely wounded.
Something closely misses your crimson imp.
The goblin barely misses you.
Your crimson imp hits Robin but does no damage.
Robin barely misses your crimson imp.
Your crimson imp hits Robin.
Unknown command.
You closely miss the goblin.
The goblin is severely wounded.
The goblin closely misses you. Something hits your crimson imp.
Your crimson imp blinks! x2
Unknown command.
You hit the goblin but do no damage.
The goblin is severely wounded.
Your white imp hits Robin.
Your white imp freezes Robin.
The goblin hits you.
You die...

#......##....# .....g.....#.#
#....gg###.#.## .. #<##.#
#.)g.###...# #.##>#
#..........# #.##.#
##.>.####.. ##.##.#
#####ยง........ ##<..#.#
#g5g...5......
..#####..#...###@#########.#.
......>.###......# #
#.#####).#...##### ##...#.#
##.##.# #.##.# #.##.# . ##..
##


You could see Robin, a goblin, a friendly crimson imp and a friendly white imp.

Vanquished Creatures
  A dart slug (D:1)
  A giant cockroach (D:1)
  2 goblins (D:2)
  A hobgoblin (D:1)
  A kobold (D:1)
  A bat (D:1)
  3 frilled lizards (D:1)
  3 rats (D:1)
13 creatures vanquished.

Vanquished Creatures (collateral kills)
  A dart slug (D:1)
  6 goblins
  6 hobgoblins
  A kobold (D:1)
14 creatures vanquished.

Grand Total: 27 creatures vanquished

Notes
Turn   | Place    | Note
-------+----------+-------------------------------------------
     0 | D:1      | RaHiT the Kobold Summoner began the quest for the Orb.
     0 | D:1      | Reached XP level 1. HP: 10/10 MP: 3/3
   234 | D:1      | Reached skill level 3 in Stealth
   445 | D:1      | Reached XP level 2. HP: 15/15 MP: 3/5
   463 | D:1      | Reached skill level 4 in Stealth
   489 | D:1      | Learned a level 2 spell: Call Imp
  1193 | D:2      | Reached XP level 3. HP: 19/19 MP: 3/6
  1210 | D:2      | Noticed Robin
  1232 | D:2      | Reached skill level 5 in Stealth
  1239 | D:2      | Slain by a goblin

Vault maps used:
D:1:      dpeg_arrival_signposts
D:2:      lemuel_coloured_pillars_altar, uniq_robin

Skill      XL: |  1  2  3 |
---------------+----------+-----
Stealth        | 3 4 5 |  5.0
Dodging        | |  2.4
Spellcasting   | |  2.1
Summonings     | |  4.0

Action                   || total
-------------------------++-------
Melee: Dagger            ||    66
       Unarmed           ||     7
       Short sword       ||     4
Throw: Stone             ||     3
 Cast: Summon Small Mamm ||     9
       Call Imp          ||     4
 Stab: Sleeping          ||     5
  Eat: Chunk             ||     9
Armor: Robe              ||     9
Dodge: Dodged            ||    45

Table legend:
 A = Spawn XP
 B = Non-spawn XP
 C = Spawn XP percentage of total XP
 D = Spawn monster count
 E = Non-spawn monster count
 F = Spawn count percentage of total count
 G = Total turns spent on level
                    A         B        C        D         E        F      G
               +---------+---------+-------+---------+---------+-------+---------
         Total |       0 |      39 |   0.0 |       0 |      27 |   0.0 |  1239
               +---------+---------+-------+---------+---------+-------+---------
           D:1 |       0 |      25 |   0.0 |       0 |      17 |   0.0 |  1151
           D:2 |       0 |      14 |   0.0 |       0 |      10 |   0.0 |    88
               +---------+---------+-------+---------+---------+-------+---------
